 Dungeon Crawl Stone Soup version 0.29.1-1-gd02db6906a (webtiles) character file.

Game seed: 9708552075992251924

1304 Sabo the Chopper (level 8, -2/62 HPs)
             Began as a Demonspawn Berserker on Oct 22, 2022.
             Was an Elder of Trog.
             Killed by divine providence
             ... invoked by an orc priest
              (12 damage)
             ... on level 6 of the Dungeon.
             The game lasted 00:38:11 (8745 turns).

Sabo the Chopper (Demonspawn Berserker)             Turns: 8745, Time: 00:38:12

Health: -2/62      AC: 11    Str: 19    XL:     8   Next: 31%
Magic:  8/8        EV: 12    Int:  9    God:    Trog [****..]
Gold:   377        SH:  0    Dex: 13    Spells: 7/7 levels left

rFire   . . .      SeeInvis +   c - +1 flail (vorpal)
rCold   . . .      Faith    .   p - +0 buckler
rNeg    . . .      Spirit   .   r - +3 leather armour of Too Many Cooks {-Cast Rampage Fly rCorr}
rPois   .          Reflect  .   (helmet unavailable)
rElec   .          Harm     .   (no cloak)
rCorr   +          Rampage  +   t - +1 pair of gloves
Will    .....      NoCast   +   g - +0 pair of boots
Stlth   +.........              (no amulet)
HPRegen 0.20/turn               v - ring of see invisible
MPRegen 0.11/turn               (no ring)

@: confused, flying
A: horns 3, yellow scales 1, foul stench 2
a: Renounce Religion, Berserk, Trog's Hand, Brothers in Arms


You were on level 6 of the Dungeon.
You worshipped Trog.
Trog was greatly pleased with you.
You visited 1 branch of the dungeon, and saw 6 of its levels.
You also visited: Ossuary.

You collected 377 gold pieces.

Inventory:

Hand Weapons
 a - a +0 hand axe
 c - a +1 vorpal flail (weapon)
 q - a +1 vorpal sling
 D - a +0 battleaxe
 E - a +3 short sword
Missiles
 k - 6 javelins (quivered)
 n - 2 boomerangs
Armour
 g - a +0 pair of boots (worn)
 p - a +0 buckler (worn)
 r - the +3 leather armour of Too Many Cooks (worn) {-Cast Rampage Fly rCorr}
   (You found it on level 3 of the Dungeon)

   Fly:       It grants you flight.
   -Cast:     It prevents spellcasting.
   rCorr:     It protects you from acid and corrosion.
   Rampage:   It bestows one free step when moving towards enemies.
 t - a +1 pair of gloves (worn)
Jewellery
 v - a ring of see invisible (left hand)
Wands
 G - a wand of flame (24)
Scrolls
 f - 2 scrolls of enchant weapon
 j - 3 scrolls of teleportation
 l - a scroll of poison
 o - a scroll of silence
 w - a scroll of blinking
 x - a scroll of immolation {unknown}
Potions
 b - 2 potions of flight {unknown}
 d - 3 potions of ambrosia {unknown}
 e - 2 potions of degeneration {unknown}
 h - 2 potions of heal wounds {unknown}
 i - 2 potions of curing {unknown}
 m - 2 potions of mutation {unknown}
 s - 2 potions of brilliance {unknown}
 u - 3 potions of invisibility {unknown}
 A - a potion of cancellation {unknown}
 C - a potion of haste {unknown}


   Skills:
 + Level 5.1 Fighting
 + Level 6.8(6.9) Axes
 + Level 1.9(4.6) Maces & Flails
 + Level 0.3 Throwing
 + Level 3.4 Armour
 + Level 3.7 Dodging
 + Level 1.4 Stealth
 + Level 1.3 Shields


You had 7 spell levels left.
You didn't know any spells.
Your spell library was empty.

Dungeon Overview and Level Annotations

Branches:
Dungeon (6/15)             Temple (0/1) D:4         Ossuary (visited)

Altars:
Okawaru
Trog


Innate Abilities, Weirdness & Mutations

You have a pair of large horns on your head.
You are partially covered in yellow scales. (AC +2)
You sometimes emit foul miasma when damaged in melee.


Message History

The white imp is heavily wounded.
The orc wizard points at you and mumbles some strange words.
You are confused.
The white imp closely misses you.
You're too confused to move!
The white imp hits you but does no damage.
The orc wizard casts a spell at you. You resist with some effort.
The white imp attacks as you move away! The white imp closely misses you.
The orc wizard attacks as you move away!
The orc wizard barely misses you.
You barely miss the white imp. You headbutt the white imp.
You kill the white imp!
Trog accepts your kill.
The orc wizard gestures at you while chanting.
The magic dart hits you.
* * * LOW HITPOINT WARNING * * *
The orc wizard attacks as you move away!
The orc wizard hits you but does no damage.
An orc priest, an orc wizard and an orc come into view.
The orc wizard shouts!
The orc shouts!
You hear a croak.
You hear an angry hiss.
An orc priest comes into view. It is wielding a +0 club.
An adder comes into view.
The orc wizard moves out of view.
The orc moves out of view.
An orc comes into view. It is wielding a +0 flail of draining.
The adder hisses angrily.
The orc priest shouts!
You hit the orc wizard.
The orc wizard is moderately wounded.
The orc wizard hits you with a +0 dagger.
* * * LOW HITPOINT WARNING * * *
The orc priest mumbles some strange prayers to Beogh against you.
Pain shoots through your body!
* * * LOW HITPOINT WARNING * * *
You hit the orc wizard.
The orc wizard is moderately wounded.
The orc wizard barely misses you.
The orc priest calls down the wrath of Beogh upon you.
Beogh smites you!
You die...

#......#
#####......#
#...'[.....#
#.###......#
####.# #......#
#<...# #......#
.########......#
...........#######
...:...@o.........
.#.###.#...)....##
#.#..).....#
..#$.......#
..o#........#
o...#........#
o..oo#........#
......#........#
##########


You could see 2 orc priests, 2 orc wizards and 2 orcs.

Vanquished Creatures
  Menkaure (Ossuary)
  Edmund (D:4)
  An ogre (D:4)
  A phantom (D:4)
  A centaur (D:5)
  A scorpion (D:5)
  3 wights (D:5)
  A howler monkey (D:5)
  A jelly (D:5)
  3 hounds
  A centaur skeleton (D:4)
  2 orc wizards
  A hound skeleton (D:4)
  3 mummies (Ossuary)
  7 gnolls
  9 adders
  A white imp (D:6)
  2 adder skeletons (D:4)
  2 adder zombies (D:4)
  5 worms
  2 dart slugs
  9 orcs
  7 ball pythons
  8 endoplasms
  8 giant cockroaches
  A gnoll zombie (Ossuary)
  9 goblins
  7 hobgoblins
  5 jackals (D:3)
  10 kobolds
  A quokka (D:3)
  8 bats
  3 frilled lizards
  4 gnoll skeletons (Ossuary)
  4 goblin skeletons (Ossuary)
  6 goblin zombies (Ossuary)
  6 hobgoblin skeletons (Ossuary)
  5 hobgoblin zombies (Ossuary)
  5 kobold skeletons (Ossuary)
  4 kobold zombies (Ossuary)
  2 orc skeletons (Ossuary)
  3 orc zombies (Ossuary)
  7 rats
  4 rat skeletons (Ossuary)
  6 rat zombies (Ossuary)
181 creatures vanquished.

Vanquished Creatures (others)
  4 plants
4 creatures vanquished.

Grand Total: 185 creatures vanquished

Notes
Turn   | Place    | Note
-------+----------+-------------------------------------------
     0 | D:1      | Sabo the Demonspawn Berserker began the quest for the Orb.
     0 | D:1      | Reached XP level 1. HP: 18/18 MP: 1/1
   300 | D:1      | Gained mutation: You may rarely emit foul miasma when
                  | damaged in melee. [demonic ancestry]
   300 | D:1      | Reached XP level 2. HP: 20/24 MP: 2/2
   361 | D:1      | Reached skill level 3 in Axes
  1106 | D:1      | Gained mutation: You have a pair of small horns on your
                  | head. [demonic ancestry]
  1106 | D:1      | Reached XP level 3. HP: 26/29 MP: 3/3
  1283 | D:1      | Found a faded altar of an unknown god.
  1648 | D:2      | Reached ** piety under Trog
  2090 | D:2      | Reached XP level 4. HP: 37/37 MP: 4/4
  3076 | D:3      | Identified the +3 leather armour of Too Many Cooks {-Cast
                  | Rampage Fly rCorr}
  3475 | D:3      | Noticed a moth of wrath
  3479 | D:3      | Found a bloodstained altar of Trog.
  3761 | D:3      | Reached skill level 4 in Axes
  3829 | D:3      | Gained mutation: You have a pair of horns on your head.
                  | [demonic ancestry]
  3829 | D:3      | Reached XP level 5. HP: 5/42 MP: 5/5
  4866 | D:4      | Noticed a phantom
  4925 | D:4      | Killed a phantom
  4926 | D:4      | Gained mutation: You are partially covered in yellow
                  | scales. (AC +2) [demonic ancestry]
  4926 | D:4      | Reached XP level 6. HP: 24/48 MP: 6/6
  4929 | D:4      | Reached *** piety under Trog
  5134 | D:4      | Found a staircase to the Ecumenical Temple.
  5201 | D:4      | Reached skill level 5 in Axes
  5441 | D:4      | Found a sand-covered staircase.
  5456 | Ossuary  | Entered an ossuary
  5740 | Ossuary  | Reached **** piety under Trog
  5818 | Ossuary  | Noticed Menkaure
  5840 | Ossuary  | Killed Menkaure
  5841 | Ossuary  | Gained mutation: You sometimes emit foul miasma when
                  | damaged in melee. [demonic ancestry]
  5841 | Ossuary  | Reached XP level 7. HP: 6/55 MP: 7/7
  6378 | D:4      | Reached skill level 6 in Axes
  6779 | D:4      | Noticed Edmund
  6790 | D:4      | Killed Edmund
  7173 | D:5      | Entered Level 5 of the Dungeon
  7206 | D:5      | Reached skill level 5 in Fighting
  7206 | D:5      | Reached skill level 1 in Shields
  7725 | D:5      | Reached skill level 1 in Stealth
  7764 | D:5      | Gained mutation: You have a pair of large horns on your
                  | head. [demonic ancestry]
  7764 | D:5      | Reached XP level 8. HP: 61/62 MP: 8/8
  7858 | D:5      | Found an iron altar of Okawaru.
  8081 | D:5      | Reached skill level 1 in Maces & Flails
  8745 | D:6      | Killed from afar by an orc priest

Illustrated notes

Levels and vault maps discovered:
D:1:      minmay_arrival_plants_in_alcoves, layout_basic, basic_ecumenical_altar
D:2:      layout_basic
D:3:      minmay_bubble_buster, layout_basic, tgw_trog, serial_bayou_pond_b
D:4:      layout_gridville, minmay_temple_entry_wispy, serial_undead,
          serial_undead_d, serial_undead_c, serial_undead_c, serial_undead_a,
          nicolae_ossuary_entry_ruins, kennysheep_generic_room_12, uniq_edmund
D:5:      layout_loops_ring, okawaru_ov_weapons_minmay, kennysheep_nondescript,
          hangedman_decor_peaks_small
D:6:      layout_basic, kiku_gazebo_pond_becter, gammafunk_ghost_stat_death,
          minmay_checkerbox

Skill      XL: |  1  2  3  4  5  6  7  8 |
---------------+-------------------------+-----
Axes           | 3 4 5 6 |  6.8
Armour         | 2 3 |  3.4
Dodging        | 2 3 |  3.7
Fighting       | 4 5 |  5.1
Shields        | 1 |  1.3
Stealth        | 1 |  1.4
Maces & Flails | 1 |  1.9
Throwing       | |  0.3

Action                   |  1- 3 |  4- 6 |  7- 9 || total
-------------------------+-------+-------+-------++-------
Melee: Hand axe          |   112 |   368 |    41 ||   521
       Headbutt          |    10 |    62 |    14 ||    86
       Punch             |     1 |       |       ||     1
       Flail             |       |       |    60 ||    60
Throw: Javelin           |       |       |     2 ||     2
Invok: Berserk           |       |     1 |     1 ||     2
  Use: Scroll            |       |     3 |    10 ||    13
Armor: Ring mail         |    13 |       |       ||    13
       Chain mail        |    58 |    33 |       ||    91
       Leather armour    |       |    84 |    42 ||   126
Dodge: Dodged            |    53 |   184 |    71 ||   308
Block: Buckler           |       |    35 |    18 ||    53
